 Dungeon Crawl Stone Soup version 0.21.0-25-ge575cb9 (webtiles) character file.

104 Mirai the Conjurer (level 4, -6/21 HPs)
             Began as a Deep Elf Conjurer on Jan 25, 2018.
             Was a Follower of Hepliaklqana.
             Killed from afar by Ijyb (7 damage)
             ... with a wand of flame (12)
             ... on level 3 of the Dungeon.
             The game lasted 00:12:30 (1985 turns).

Mirai the Conjurer (Deep Elf Conjurer)              Turns: 1985, Time: 00:12:31

Health: -6/21      AC:  2    Str:  6    XL:     4   Next: 52%
Magic:  0/12       EV: 13    Int: 20    God:    Hepliaklqana [*.....]
Gold:   116        SH:  0    Dex: 15    Spells: 8/11 levels left

rFire    . . .     SeeInvis .   v - +0 hand axe
rCold    . . .     Gourm    .   (no shield)
rNeg     . . .     Faith    .   a - +0 robe
rPois    .         Spirit   .   (no helmet)
rElec    .         Reflect  .   (no cloak)
rCorr    .         Harm     .   (no gloves)
MR       .....                  (no boots)
Stlth    ++........             (no amulet)
HPRegen  0.07/turn              (no ring)
MPRegen  0.13/turn              (no ring)

@: no status effects
A: reduced essence
a: Recall Ancestor, Ancestor Identity, Renounce Religion


You were on level 3 of the Dungeon.
You worshipped Hepliaklqana.
Hepliaklqana was aware of your devotion.
You were not hungry.

You visited 1 branch of the dungeon, and saw 3 of its levels.

You collected 116 gold pieces.

Inventory:

Hand Weapons
 e - a +0 dagger
 h - a +0 hunting sling
 n - a +0 hand axe
 r - a +0 club
 t - a +0 whip
 u - a +0 short sword
 v - a +0 hand axe (weapon)
Missiles
 g - 8 poisoned needles
 j - 31 stones (quivered)
Armour
 a - a +0 robe (worn)
Scrolls
 d - a scroll of fog
 f - a scroll of remove curse
 k - 2 scrolls of identify
 p - a scroll of enchant armour {unknown}
Potions
 i - a potion of haste {unknown}
 l - a potion of invisibility {unknown}
 m - 2 potions of agility {unknown}
 o - a potion of mutation {unknown}
 q - a potion of cancellation {unknown}
Books
 b - a book of Conjurations

   Spells                             Type                      Level
   a - Magic Dart                     Conjuration                  1
   b - Searing Ray                    Conjuration                  2
   c - Dazzling Spray                 Conjuration/Hexes            3
   d - Fulminant Prism                Conjuration/Hexes            4
   e - Force Lance                    Conjuration/Translocation    4
   f - Iskenderun's Mystic Blast      Conjuration                  4
Comestibles
 c - 2 rations
 s - 4 chunks of flesh


   Skills:
 + Level 2.7 Dodging
 + Level 2.8 Stealth
 + Level 4.4 Spellcasting
 + Level 5.7 Conjurations


You had 8 spell levels left.
You knew the following spells:

 Your Spells              Type           Power        Failure   Level  Hunger
a - Magic Dart            Conj           ####         1%          1    None
b - Searing Ray           Conj           ####..       1%          2    #......


Dungeon Overview and Level Annotations

Branches:
Dungeon (3/15)

Altars:
Hepliaklqana

Annotations:
D:3 Ijyb


Message History

(Press . to maintain the ray.) Nindada hits Ijyb.
The searing ray misses Ijyb.
Ijyb hits you but does no damage.
Nindada hits Ijyb but does no damage.
The searing ray misses Ijyb.
Ijyb hits you.
* * * LOW HITPOINT WARNING * * *
Nindada hits Ijyb but does no damage.
The searing ray hits Ijyb.
Ijyb is severely wounded.
You finish channeling your searing ray.
Ijyb misses you.
Nindada barely misses Ijyb.
Casting: Searing Ray
Confirm with . or Enter, or press ? or * to list all spells.
Aiming: Searing Ray
Press: ? - help, Shift-Dir - straight line, f/p - Ijyb
Aim: Ijyb, wearing a chain mail and carrying a wand of flame (12) (severely wounded)
The searing ray misses Ijyb. (Press . to maintain the ray.) Ijyb zaps a wand.
The puff of flame hits you!
You die...

##.............#
##
#...####.......#
#.
#.....##......
#. #...#.# #....
#. #...#.####
#####.
#........#
.....<
#...####.#
######
#######R..# #.
#......g@.# #.
#.#########
#.######.
#........
#.####### # # ##
#. #.


You could see the friendly Nindada the ancestor and Ijyb.

Vanquished Creatures
  3 adders
  4 worms
  4 dart slugs
  3 leopard geckos (D:2)
  A ball python (D:2)
  5 bats
  A giant cockroach (D:1)
  6 goblins
  7 hobgoblins
  3 jackals (D:1)
  4 frilled lizards
  3 kobolds
  8 rats
52 creatures vanquished.

Vanquished Creatures (collateral kills)
  An orc (D:3)
  A ball python (D:3)
2 creatures vanquished.

Grand Total: 54 creatures vanquished

Notes
Turn   | Place    | Note
-------+----------+-------------------------------------------
     0 | D:1      | Mirai the Deep Elf Conjurer began the quest for the Orb.
     0 | D:1      | Reached XP level 1. HP: 10/10 MP: 6/6
   192 | D:1      | Reached XP level 2. HP: 11/15 MP: 2/8
   367 | D:1      | Reached skill level 5 in Conjurations
   622 | D:2      | Reached XP level 3. HP: 11/19 MP: 5/10
  1086 | D:2      | Learned a level 2 spell: Searing Ray
  1150 | D:2      | Reached XP level 4. HP: 21/24 MP: 3/12
  1524 | D:2      | Found a faded altar of an unknown god.
  1532 | D:2      | Became a worshipper of Hepliaklqana the Forgotten
  1532 | D:2      | Reached * piety under Hepliaklqana
  1975 | D:3      | Noticed Ijyb
  1983 | D:3      | HP: 1/21 [Ijyb (3)]
  1985 | D:3      | Killed from afar by Ijyb

Skill      XL: |  1  2  3 |
---------------+----------+-----
Conjurations   | 5 |  5.7
Spellcasting   | 4 |  4.4
Dodging        | |  2.7
Stealth        | |  2.8

Action                   |  1- 3 |  4- 6 || total
-------------------------+-------+-------++-------
Melee: Hand axe          |    15 |     1 ||    16
 Cast: Magic Dart        |    74 |     9 ||    83
       Searing Ray       |     2 |    15 ||    17
  Use: Scroll            |     3 |     2 ||     5
  Eat: Chunk             |     1 |     2 ||     3
Armor: Robe              |    11 |     2 ||    13
Dodge: Dodged            |    30 |     7 ||    37
